 Dungeon Crawl Stone Soup version 0.27.1-33-g824d729ab1 (webtiles) character file.

Game seed: 9534412003079940506

7 zeram the Ducker (level 1, 0/11 HPs)
             Began as a Spriggan Fighter on Dec 28, 2021.
             Constricted to death by a ball python (1 damage)
             ... on level 1 of the Dungeon.
             The game lasted 00:00:18 (157 turns).

zeram the Ducker (Spriggan Fighter)                  Turns: 157, Time: 00:00:19

Health: 0/11       AC:  2    Str: 12    XL:     1   Next: 83%
Magic:  2/2        EV: 14    Int:  9    God:
Gold:   0          SH:  6    Dex: 14    Spells: 0/0 levels left

rFire    . . .     SeeInvis +   a - +0 war axe
rCold    . . .     Faith    .   c - +0 buckler
rNeg     . . .     Spirit   .   b - +0 robe
rPois    .         Reflect  .   (helmet restricted)
rElec    .         Harm     .   (no cloak)
rCorr    .         Rampage  .   (gloves unavailable)
Will     .....                  (boots unavailable)
Stlth    +.........             (no amulet)
HPRegen  0.03/turn              (no ring)
MPRegen  0.08/turn              (no ring)

@: constricted, very quick
A: very small, no large weapons, unfitting armour, see invisible, speed 3
a: no special abilities


You were on level 1 of the Dungeon.
You visited 1 branch of the dungeon, and saw 1 of its levels.

Inventory:

Hand Weapons
 a - a +0 war axe (weapon)
Armour
 b - a +0 robe (worn)
 c - a +0 buckler (worn)
Potions
 d - a potion of might


   Skills:
 - Level 2.4 Fighting
 - Level 1.5 Axes
 - Level 4.0 Dodging
 + Level 2.5 Shields


You couldn't memorise any spells.
You didn't know any spells.
Your spell library was empty.

Dungeon Overview and Level Annotations

Branches:
Dungeon (1/15)

Altars:


Innate Abilities, Weirdness & Mutations

You are very small and have problems with some larger weapons.
You are too small for most types of armour.
You have supernaturally acute eyesight. (SInv)
You cover ground extremely quickly. (Speed+++)


Message History

The ball python misses you.
You barely miss the ball python.
The ball python is heavily wounded.
You block the ball python's attack. The ball python closely misses you.
The ball python barely misses you. The ball python grabs you.
The ball python constricts you.
Your shield prevents you from hitting the ball python.
The ball python is heavily wounded.
You block the ball python's attack. The ball python constricts you.
The ball python bites you. The ball python constricts you.
You are too injured to fight recklessly!
You are too injured to fight recklessly!
You are too injured to fight recklessly!
Unknown command.
You hit the dart slug.
The dart slug is moderately wounded.
You hit the ball python but do no damage.
The ball python barely misses you. The ball python constricts you.
The dart slug barely misses you.
Unknown command.
You hit the dart slug.
The dart slug is severely wounded.
You closely miss the ball python. The ball python closely misses you.
The ball python constricts you.
* * * LOW HITPOINT WARNING * * *
The dart slug launches a dart at you. The slug dart misses you.
The ball python barely misses you. The ball python constricts you.
You slash the dart slug!
You kill the dart slug!
Your shield prevents you from hitting the ball python.
The ball python completely misses you. The ball python constricts you.
* * * LOW HITPOINT WARNING * * *
The ball python bites you.
* * * LOW HITPOINT WARNING * * *
The ball python constricts you.
You completely miss the ball python.
The ball python is heavily wounded.
The ball python closely misses you. The ball python constricts you.
You die...

.8. #######..8.#
....#lhkwh#....#
.8..#######..8.#
...............#
#.8.......8.###
####.8)8.#### .
######.##########...
.....................
.#..#########@.......
# ......††S....#.
.#####.......#
..........
##.......##
#......... #......###
#.......


You could see a ball python.

Vanquished Creatures
  A dart slug (D:1)
  A ball python (D:1)
  A goblin (D:1)
  A bat (D:1)
  A frilled lizard (D:1)
5 creatures vanquished.

Notes
Turn   | Place    | Note
-------+----------+-------------------------------------------
     0 | D:1      | zeram the Spriggan Fighter began the quest for the Orb.
     0 | D:1      | Reached XP level 1. HP: 11/11 MP: 2/2
     6 | D:1      | Noticed a swamp drake
     6 | D:1      | Noticed a swamp worm
     6 | D:1      | Noticed a hog
     7 | D:1      | Noticed a komodo dragon
     7 | D:1      | Noticed a black bear
   157 | D:1      | Constricted to death by a ball python

Illustrated notes

Levels and vault maps discovered:
D:1:      onia_arrival_zoo_common, layout_basic, serial_shops, shop, shop, shop,
          shop

Action                   || total
-------------------------++-------
Melee: War axe           ||    15
Armor: Robe              ||     1
Dodge: Dodged            ||    23
Block: Buckler           ||     7
